 Dungeon Crawl Stone Soup version 0.27-a0-1006-g1fd4cec11e (webtiles) character file.

Game seed: 1120465225384081451

143 siradein the Slasher (level 5, 0/38 HPs)
             Began as a Demonspawn Gladiator on Apr 17, 2021.
             Succumbed to an orc's poison
             ... on level 3 of the Dungeon.
             The game lasted 00:04:13 (2077 turns).

siradein the Slasher (Demonspawn Gladiator)         Turns: 2077, Time: 00:04:13

Health: 0/38       AC:  8    Str: 15    XL:     5   Next: 4%
Magic:  5/5        EV: 22    Int:  9    God:
Gold:   77         SH:  0    Dex: 15    Spells: 4/4 levels left

rFire    . . .     SeeInvis .   a - +0 long sword
rCold    . . .     Faith    .   (no shield)
rNeg     . . .     Spirit   .   h - +0 chain mail
rPois    .         Reflect  .   (helmet restricted)
rElec    .         Harm     .   (no cloak)
rCorr    .         Rampage  .   (no gloves)
Will     .....                  (no boots)
Stlth    ..........             i - amulet of the acrobat
HPRegen  0.12/turn              (no ring)
MPRegen  0.09/turn              (no ring)

@: lethally poisoned (0 -> -3), acrobatic
A: antennae 2, demonic guardian 1, powered by death 1
a: no special abilities


You were on level 3 of the Dungeon.
You visited 1 branch of the dungeon, and saw 4 of its levels.

You collected 77 gold pieces.

Inventory:

Hand Weapons
 a - a +0 long sword (weapon)
Missiles
 d - 3 throwing nets (quivered)
 j - 4 atropa-tipped darts
Armour
 h - a +0 chain mail (worn)
Jewellery
 i - an amulet of the acrobat (around neck)
 l - a ring of fire
Scrolls
 b - a scroll of identify {unknown}
 c - a scroll of teleportation
Potions
 e - 2 potions of mutation {unknown}
 f - a potion of invisibility {unknown}
 g - a potion of curing {unknown}
 k - a potion of magic {unknown}


   Skills:
 - Level 2.0 Fighting
 + Level 5.2 Long Blades
 - Level 1.7 Throwing
 - Level 2.6 Dodging


You had 4 spell levels left.
You didn't know any spells.
Your spell library was empty.

Dungeon Overview and Level Annotations

Branches:
Dungeon (4/15)
 Temple: D:4-7

Altars:

Shops:
D:2 !


Innate Abilities, Weirdness & Mutations

You have a pair of antennae on your head.
A weak demonic guardian rushes to your aid.
You regenerate a little health from kills.


Message History

You feel sick.
You feel sick.
You feel sick.
You feel sick.
You feel sick.
You feel sick.
You are no longer poisoned.
The orc barely misses you.
You riposte.
You hit the orc.
The orc is lightly wounded.
The orc closely misses you.
You hit the orc.
The orc is heavily wounded.
The orc barely misses you.
You riposte.
You completely miss the orc.
The orc is heavily wounded.
You closely miss the orc.
The orc is heavily wounded.
The orc hits you but does no damage.
You are poisoned.
Your chain mail prevents you from hitting the orc.
The orc is heavily wounded.
You feel very sick. The orc barely misses you.
You riposte.
You closely miss the orc.
The orc is heavily wounded.
You hit the orc but do no damage.
The orc is heavily wounded.
You feel sick.
The orc hits you with a +4 short sword of venom.
* * * LOW HITPOINT WARNING * * *
A demonic guardian appears!
You are lethally poisoned!
* * * LOW HITPOINT WARNING * * *
You feel sick.
* * * LOW HITPOINT WARNING * * *
You feel sick.
Your iron imp hits the orc!
The orc dies!
You feel sick.
Your iron imp hits the orc.
You feel sick.
Your iron imp barely misses the orc.
* * * LOW HITPOINT WARNING * * *
You feel sick.
You die...

### ######### #.( ........# #.#
#######.## #.# #........# #.#
#.#####..# #@# #.#####..# #.#
#...(....# #o# #..####..## ####
#5###..##.....# ...#
###########.)...........####
##.#
#......†).#####...........[.
#.###>#.#####........#####....##
##.##....# #.#...#..# #.#..#
.........# #.....#..# #.#..#


You could see an orc (ally target) and a friendly iron imp (summoned).

Vanquished Creatures
  A jelly (D:4)
  An adder (D:4)
  A howler monkey skeleton (D:4)
  An ufetubus (D:4)
  A worm (D:2)
  2 dart slugs
  2 orcs (D:3)
  2 ball pythons
  2 endoplasms
  2 giant cockroaches (D:3)
  3 goblins
  3 quokkas
  3 bats
  2 frilled lizards
  A kobold (D:1)
  2 rats
29 creatures vanquished.

Vanquished Creatures (collateral kills)
  An ogre (D:4)
  An orc (D:3)
2 creatures vanquished.

Grand Total: 31 creatures vanquished

Notes
Turn   | Place    | Note
-------+----------+-------------------------------------------
     0 | D:1      | siradein the Demonspawn Gladiator began the quest for the
                  | Orb.
     0 | D:1      | Reached XP level 1. HP: 16/16 MP: 1/1
   498 | D:1      | Reached skill level 3 in Long Blades
   973 | D:2      | Gained mutation: You regenerate a little health from kills.
                  | [demonic ancestry]
   973 | D:2      | Reached XP level 2. HP: 22/22 MP: 2/2
   974 | D:2      | Found Rasiott Cuygg's Distillery.
  1178 | D:2      | You fall into a shaft and drop 2 floors!
  1196 | D:4      | Reached skill level 4 in Long Blades
  1196 | D:4      | Gained mutation: A weak demonic guardian rushes to your
                  | aid. [demonic ancestry]
  1196 | D:4      | Reached XP level 3. HP: 18/27 MP: 3/3
  1403 | D:4      | Gained mutation: You have a pair of small antennae on your
                  | head. [demonic ancestry]
  1403 | D:4      | Reached XP level 4. HP: 27/33 MP: 4/4
  1466 | D:4      | Noticed an ogre
  1577 | D:4      | Killed an ogre
  1578 | D:4      | Reached skill level 5 in Long Blades
  1860 | D:4      | Noticed an orc warrior
  1961 | D:3      | Gained mutation: You have a pair of antennae on your head.
                  | [demonic ancestry]
  1961 | D:3      | Reached XP level 5. HP: 38/38 MP: 5/5
  2076 | D:3      | HP: 1/38 [poisoned by an orc]
  2077 | D:3      | Succumbed to an orc's poison

Illustrated notes

Levels and vault maps discovered:
D:1:      dpeg_arrival_chambers_temple_mockup, layout_loops_ring
D:2:      layout_basic, serial_shops, shop, uniq_natasha, uniq_sigmund
D:3:      layout_loops_ring, shapermc_ecumenical_altar_mp_vishouse
D:4:      layout_layer_cave, serial_shops, shop_statue

Skill      XL: |  1  2  3  4 |
---------------+-------------+-----
Long Blades    | 3 4 5 |  5.2
Fighting       | |  2.0
Throwing       | |  1.7
Dodging        | |  2.6

Action                   |  1- 3 |  4- 6 || total
-------------------------+-------+-------++-------
Melee: Long sword        |    66 |    35 ||   101
  Use: Scroll            |     2 |       ||     2
Armor: Ring mail         |    17 |       ||    17
       Chain mail        |    15 |    16 ||    31
Dodge: Dodged            |    36 |    19 ||    55
       Rpst.: Long sword |    10 |     7 ||    17

Table legend: (Time is in decaauts)
 A = Elapsed time spent in this place.
 B = Non-inter-level travel time spent in this place.
 C = Inter-level travel time spent in this place.
 D = Time resting spent in this place.
 E = Time spent auto-exploring this place.
 F = Levels seen in this place.
 G = Mean time per level.
                   A        B        C        D        E       F      G
               +--------+--------+--------+--------+--------+-----+--------+
         Total |   2097 |   2037 |     60 |     30 |   1568 |   4 |  524.2 |
       Dungeon |   2097 |   2037 |     60 |     30 |   1568 |   4 |  524.2 |
               +--------+--------+--------+--------+--------+-----+--------+

Top non-repeatable levels by time:
     D:1: 956 daAuts
     D:4: 726 daAuts
     D:2: 232 daAuts
     D:3: 181 daAuts
